 Dungeon Crawl Stone Soup version 0.27.1-33-g824d729ab1 (webtiles) character file.

Game seed: 4815464968569512735

525 eliilek the Cudgeller (level 7, -7/61 HPs)
             Began as a Minotaur Berserker on Dec 10, 2021.
             Was a Believer of Trog.
             Mangled by a gnoll (11 damage)
             ... on level 4 of the Dungeon on Dec 13, 2021.
             The game lasted 00:14:29 (3672 turns).

eliilek the Cudgeller (Minotaur Berserker)          Turns: 3672, Time: 00:14:30

Health: -7/61      AC:  8    Str: 22    XL:     7   Next: 2%
Magic:  6/6        EV: 11    Int:  4    God:    Trog [**....]
Gold:   203        SH:  0    Dex: 11    Spells: 6/6 levels left

rFire    . . .     SeeInvis .   a - +0 mace
rCold    . . .     Faith    .   (no shield)
rNeg     . . .     Spirit   .   e - +0 scale mail
rPois    .         Reflect  .   (helmet restricted)
rElec    .         Harm     .   (no cloak)
rCorr    .         Rampage  .   j - +0 pair of gloves
Will     ++...                  (no boots)
Stlth    ..........             (no amulet)
HPRegen  1.20/turn              (no ring)
MPRegen  0.10/turn              (no ring)

@: strong-willed, on berserk cooldown, regenerating, slowed, very slow
A: horns 2, retaliatory headbutt, wild magic 1
a: Renounce Religion, Berserk, Trog's Hand


You were on level 4 of the Dungeon.
You worshipped Trog.
Trog was pleased with you.
You visited 1 branch of the dungeon, and saw 4 of its levels.

You collected 203 gold pieces.

Inventory:

Hand Weapons
 a - a +0 mace (weapon)
 b - a +0 hunting sling
Missiles
 m - 9 poisoned darts
Armour
 e - a +0 scale mail (worn)
 j - a +0 pair of gloves (worn)
Scrolls
 d - 3 scrolls of identify {unknown}
 f - a scroll of enchant armour {unknown}
 o - a scroll of fog {unknown}
Potions
 c - a potion of mutation
 h - 2 potions of berserk rage {unknown}
 i - a potion of heal wounds {unknown}
 k - a potion of might {unknown}
 l - a potion of flight {unknown}
 n - a potion of lignification {unknown}


   Skills:
 + Level 5.3 Fighting
 * Level 6.4 Maces & Flails
 * Level 3.3 Slings
 + Level 4.3 Armour
 - Level 3.1 Dodging


You had 6 spell levels left.
You didn't know any spells.
Your spell library was empty.

Dungeon Overview and Level Annotations

Branches:
Dungeon (4/15)
 Temple: D:4-7

Altars:
Dithmenos
Fedhas
Gozag


Innate Abilities, Weirdness & Mutations

You have a pair of horns on your head.
You reflexively headbutt those who attack you in melee.
Your spells are a little harder to cast, but a little more powerful.


Message History

The gnoll hits you from afar with a +0 halberd!
* * * LOW HITPOINT WARNING * * *
Natasha claws you.
* * * LOW HITPOINT WARNING * * *
Unknown command.
You are too berserk!
You sock the gnoll!
You kill the gnoll!
Trog accepts your kill. The gnoll hits you but does no damage.
You completely miss the gnoll.
The gnoll is moderately wounded.
The gnoll barely misses you. Natasha claws you but does no damage.
You barely miss the gnoll. Your headbutt misses the gnoll.
The gnoll is moderately wounded.
The gnoll closely misses you. The gnoll misses you. Natasha claws you.
* * * LOW HITPOINT WARNING * * *
You hit the gnoll.
The gnoll is heavily wounded.
The gnoll closely misses you. You furiously retaliate!
You headbutt the gnoll!
You kill the gnoll!
Trog accepts your kill. The gnoll barely misses you.
You closely miss Natasha. Your headbutt misses Natasha.
Natasha mumbles some strange words.
You bludgeon Natasha!!
You kill Natasha!
Trog accepts your kill.
Trog appreciates your killing of a magic user.
Natasha screams in pain as she dies!
The crimson imp disappears in a puff of smoke!
The iron imp disappears in a puff of smoke!
You are no longer berserk.
You are exhausted.
You feel yourself slow down. The gnoll misses you.
You have reached level 7!
It was a potion of mutation.
You feel extremely strange.
You feel less in control of your magic.
The gnoll hits you from afar with a +0 halberd!
You die...

.............. ............#
...... #..........# ......
#..........# ......
...<.....### ###.........
.......#..######..........
.......#....##............ .
.....(...........(......# ..
...<...........§@§......#...
....#...P.♣..PP)†).(........
........♣♣..P♣♣..g..........
....#.)P♣♣...♣♣♣.....(..##
....#..P....P.P♣.........#
##.........PP.P♣.†..........
##.#...P.P.P.P♣............
#.#...♣♣...♣♣.†(..........
......♣♣..)♣♣P............


You could see a gnoll.

Vanquished Creatures
  Sigmund (D:3)
  A black bear (D:4)
  A scorpion (D:2)
  A howler monkey (D:4)
  Natasha (D:4)
  An orc wizard (D:3)
  2 gnolls (D:4)
  2 adders
  A white imp (D:4)
  An adder skeleton (D:4)
  3 worms
  A dart slug (D:3)
  8 orcs
  12 endoplasms
  2 giant cockroaches
  2 goblins
  7 hobgoblins
  3 jackals (D:1)
  4 quokkas
  5 ball pythons
  6 bats
  5 frilled lizards
  6 kobolds
76 creatures vanquished.

Vanquished Creatures (others)
  4 fungi (D:2)
  3 plants (D:2)
7 creatures vanquished.

Grand Total: 83 creatures vanquished

Notes
Turn   | Place    | Note
-------+----------+-------------------------------------------
     0 | D:1      | eliilek the Minotaur Berserker began the quest for the Orb.
     0 | D:1      | Reached XP level 1. HP: 19/19 MP: 0/0
   376 | D:1      | Reached XP level 2. HP: 17/27 MP: 1/1
   612 | D:1      | Reached skill level 4 in Maces & Flails
  1406 | D:2      | Reached XP level 3. HP: 32/33 MP: 2/2
  1757 | D:2      | Reached ** piety under Trog
  1855 | D:2      | Noticed a scorpion
  1873 | D:2      | Killed a scorpion
  1874 | D:2      | Reached skill level 5 in Maces & Flails
  1874 | D:2      | Reached XP level 4. HP: 18/41 MP: 3/3
  2146 | D:2      | Found an opulent altar of Gozag.
  2197 | D:2      | Found a faded altar of an unknown god.
  2700 | D:3      | Found a blossoming altar of Fedhas.
  2829 | D:3      | Reached XP level 5. HP: 38/47 MP: 4/4
  2841 | D:3      | Reached skill level 1 in Slings
  3063 | D:3      | Noticed Sigmund
  3072 | D:3      | Killed Sigmund
  3073 | D:3      | Reached XP level 6. HP: 55/55 MP: 5/5
  3140 | D:3      | Found a shadowy altar of Dithmenos.
  3576 | D:4      | Reached skill level 5 in Fighting
  3576 | D:4      | Reached skill level 6 in Maces & Flails
  3650 | D:4      | Noticed Natasha
  3665 | D:4      | HP: 4/84 [Natasha (3)]
  3668 | D:4      | HP: 1/84 [Natasha (6)]
  3671 | D:4      | Killed Natasha
  3672 | D:4      | Reached XP level 7. HP: 3/61 MP: 6/6
  3672 | D:4      | Gained mutation: Your spells are a little harder to cast,
                  | but a little more powerful. [potion of mutation]
  3672 | D:4      | Mangled by a gnoll

Illustrated notes

Levels and vault maps discovered:
D:1:      wheals_arrival_linesprint, layout_basic, kennysheep_boxes
D:2:      layout_rooms, dreamdust_ecumenical_altar_grove, basic_altar,
          kennysheep_generic_room_8
D:3:      layout_loops_cross, lemuel_tele_altar, mainiacjoe_overflow_brackets,
          uniq_sigmund
D:4:      layout_cave_pools, mainiacjoe_overflow_alcove_2, serial_park,
          serial_park_tiny_pond, serial_park_avenue1, serial_park_square1
          [serial_park_minivault_5x5_5], serial_park_tiny_1, uniq_natasha

Skill      XL: |  1  2  3  4  5  6 |
---------------+-------------------+-----
Maces & Flails | 4 5 6 |  6.4
Fighting       | 4 5 |  5.3
Armour         | 3 4 |  4.3
Dodging        | 3 |  3.1
Slings         | 2 3 |  3.3

Action                   |  1- 3 |  4- 6 |  7- 9 || total
-------------------------+-------+-------+-------++-------
Melee: Mace              |    67 |    85 |       ||   152
       Headbutt          |     9 |     8 |       ||    17
 Fire: Hunting sling     |    12 |    53 |       ||    65
Invok: Berserk           |     2 |     3 |       ||     5
       Trog's Hand       |       |     2 |       ||     2
  Use: Potion            |       |       |     1 ||     1
Armor: Ring mail         |    18 |       |       ||    18
       Animal skin       |     1 |       |       ||     1
       Scale mail        |     2 |    43 |       ||    45
Dodge: Dodged            |    33 |    53 |       ||    86
